 Dungeon Crawl Stone Soup version 0.30.0 (webtiles) character file.

Game seed: 7332637324151288153

98 Twinkles the Ducker (level 4, -5/35 HPs)
             Began as a Merfolk Gladiator on May 6, 2023.
             Killed by nerve-wracking pain
             ... invoked by Grinder
              (12 damage)
             ... while paralysed by Grinder
             ... on level 3 of the Dungeon.
             The game lasted 00:04:17 (2095 turns).

Twinkles the Ducker (Merfolk Gladiator)             Turns: 2095, Time: 00:04:18

Health: -5/35      AC:  4    Str: 14    XL:     4   Next: 69%
Magic:  4/4        EV:  2    Int:  9    God:
Gold:   133        SH:  0    Dex: 15    Spells: 3/3 levels left

rFire   . . .        f - +2 dagger (drain)
rCold   . . .        (no shield)
rNeg    . . .        b - +0 leather armour
rPois   .            c - +0 helmet
rElec   .            (no cloak)
rCorr   .            (no gloves)
SInv    .            (no boots)
Will    .....        (no amulet)
Stlth   ++           k - ring of wizardry
HPRegen 0.25/turn    (no ring)
MPRegen 0.09/turn

%: wizardry (x1)
@: paralysed
A: (nimble swimmer 2), mertail
a: no special abilities


You were on level 3 of the Dungeon.
You visited 1 branch of the dungeon, and saw 3 of its levels.

You collected 133 gold pieces.

Inventory:

Hand Weapons
 a - a +0 long sword
 f - a +2 dagger of draining (weapon)
Missiles
 d - 3 throwing nets (quivered)
 e - 5 javelins
Armour
 b - a +0 leather armour (worn)
 c - a +0 helmet (worn)
Jewellery
 k - a ring of wizardry (left hand)
Scrolls
 h - 2 scrolls of noise {unknown}
 i - a scroll of teleportation {unknown}
 j - 3 scrolls of identify {unknown}
 m - a scroll of vulnerability {unknown}
 n - a scroll of enchant armour {unknown}
 o - a scroll of poison {unknown}
 r - 2 scrolls of enchant weapon {unknown}
Potions
 g - a potion of brilliance {unknown}
 l - a potion of curing {unknown}
 p - a potion of mutation {unknown}
 q - 2 potions of degeneration {unknown}


   Skills:
 + Level 3.2 Fighting
 + Level 4.4 Long Blades
 - Level 2.0 Throwing
 + Level 4.9 Dodging
 + Level 2.1 Stealth


You had 3 spell levels left.
You didn't know any spells.
Your spell library was empty.

Dungeon Overview and Level Annotations

Branches:
Dungeon (3/15) Zot: 15920

Altars:

Annotations:
D:3 Grinder


Innate Abilities, Weirdness & Mutations

((You are very nimble when in or above water. (Stealth+, EV+, Speed+++)))
Your lower body shifts to a powerful aquatic tail in water.


Message History

Found a falchion.
There is a stone staircase leading up here.
Found a stone staircase leading down.
You see here 15 gold pieces.
Grinder shouts!
The endoplasm quivers.
There is a stone staircase leading up here.
Grinder gestures at you.
You barely resist. The endoplasm hits you.
You climb upwards.
There is a stone staircase leading down here.
You hit the endoplasm. You drain the endoplasm.
You kill the endoplasm!
No target in view!
No target in view!
HP restored.
There is a stone staircase leading down here.
You climb downwards.
Level annotation: Grinder Grinder hits you.
You writhe in agony.
There is a stone staircase leading up here.
You hit Grinder but do no damage.
Grinder blinks!
You barely miss Grinder. Grinder hits you!
You writhe in agony.
You hit Grinder.
Grinder is lightly wounded.
Grinder hits you.
You barely miss Grinder.
Grinder is lightly wounded.
Grinder gestures at you.
You suddenly lose the ability to move!
Grinder hits you!
* * * LOW HITPOINT WARNING * * *
You writhe in agony.
* * * LOW HITPOINT WARNING * * *
Grinder gestures at you.
You shrug off the repeated paralysis!
Grinder gestures at you. Pain shoots through your body!
You die...

###.##.#
##...###..#
#.##.# #...##
.##.) #.#.#
###.###.#.#
........#.######
.......<$........
####.#..#.#######
#......5.####
#..#.#.#@...#
..#.#.#.####...#
##.....#.# #.#
### ..... .#..>
#. .


You could see Grinder.

Vanquished Creatures
  2 adders (D:2)
  4 worms (D:2)
  2 dart slugs (D:2)
  3 orcs (D:2)
  5 endoplasms
  2 giant cockroaches
  6 goblins
  5 hobgoblins
  7 kobolds
  3 quokkas
  4 ball pythons
  9 bats
  A frilled lizard (D:1)
  3 rats
56 creatures vanquished.

Notes
Turn   | Place    | Note
-------+----------+-------------------------------------------
     0 | D:1      | Twinkles the Merfolk Gladiator began the quest for the Orb.
     0 | D:1      | Reached XP level 1. HP: 16/16 MP: 1/1
   153 | D:1      | Reached XP level 2. HP: 20/20 MP: 2/2
   567 | D:1      | Reached skill level 1 in Stealth
   716 | D:2      | Reached XP level 3. HP: 24/28 MP: 3/3
  1263 | D:2      | Reached XP level 4. HP: 35/35 MP: 4/4
  1972 | D:3      | Noticed Grinder
  2092 | D:3      | Paralysed by Grinder for 5 turns
  2093 | D:3      | HP: 9/35 [Grinder (9)]
  2095 | D:3      | Killed from afar by Grinder

Illustrated notes

Levels and vault maps discovered:
D:1:      lemuel_arrival_rhombus, layout_basic
D:2:      layout_basic, guppyfry_early_orc_mine
D:3:      layout_rooms, nzn_overflow_gifts_of_might_and_magic,
          jmf_multi_god_temple2, uniq_sigmund, uniq_grinder

Skill      XL: |  1  2  3  4 |
---------------+-------------+-----
Long Blades    | 4 |  4.4
Stealth        | 1 2 |  2.1
Fighting       | 3 |  3.2
Throwing       | |  2.0
Dodging        | |  4.9

Action                     |  1- 3 |  4- 6 || total
---------------------------+-------+-------++-------
  Melee: Dagger            |   101 |    53 ||   154
         Long sword        |     8 |       ||     8
   Stab: Sleeping          |     5 |       ||     5
 Armour: Leather armour    |    31 |     6 ||    37
  Dodge: Dodged            |    81 |    29 ||   110
